TOP OF THE 1ST |
Las Vegas 51s batting - Pitching for Memphis Redbirds : RHP Parker Warr
|
Pitching: RHP Parker Warr
|
|
Batting: RHB Billy Walker
|
0-0: Bunt missed! 0-1: Swinging Strike 0-2: Ball 1-2: Ball 2-2: Ball 3-2: Base on Balls
|
Batting: SHB Masatoshi Akahoshi
|
0-0: Ball 1-0: Ball 2-0: Foul Ball, location: 2F 2-1: Ball 3-1: Base on Balls Billy Walker to second
|
Batting: RHB Masaya Nakamura
|
0-0: Swinging Strike 0-1: Ball 1-1: Swinging Strike 1-2: Foul Ball, location: 2F 1-2: Fielders Choice at 2nd, 1-4 (Groundball, 15S, EV 76.2 MPH) Billy Walker to third
|
Batting: LHB Bill Armijo
|
0-0: Ball 1-0: 3-RUN HOME RUN (Flyball, 89XD, EV 98.8 MPH), Distance : 388 ft
|
Batting: RHB Andy Carrell
|
0-0: Ground out 6-3 (Groundball, 6, EV 97.5 MPH)
|
Batting: SHB Nelson Powell
|
0-0: Swinging Strike 0-1: Ball 1-1: Called Strike 1-2: Foul Ball, location: 2F 1-2: Ball 2-2: Strikes out swinging
|
Top of the 1st over - 3 runs, 1 hit, 0 errors, 0 left on base; Las Vegas 3 - Memphis 0 |
BOTTOM OF THE 1ST |
Memphis Redbirds batting - Pitching for Las Vegas 51s : LHP Mike Capers
|
Pitching: LHP Mike Capers
|
|
Batting: LHB Adam Eisen
|
0-0: Ground out 4-3 (Groundball, 4S, EV 68.8 MPH)
|
Batting: RHB Ricky Yerzy
|
0-0: Ball 1-0: Swinging Strike 1-1: Ball 2-1: Foul Ball, location: 2F 2-2: Ball 3-2: SINGLE (Groundball, 4MS, EV 65.0 MPH) (infield hit)
|
Batting: RHB Tyler Walker
|
0-0: Ball 1-0: Ball 2-0: Ball 3-0: Base on Balls Ricky Yerzy to second
|
Batting: RHB Andres Mendiola
|
0-0: Called Strike 0-1: Foul Ball, location: 2F 0-2: Fly out, F7 (Flyball, 78D, EV 101.9 MPH)
|
Batting: SHB Gerardo Macias
|
0-0: Ball 1-0: Fly out, F3 (Popup, 3SF, EV 72.5 MPH)
|
Bottom of the 1st over - 0 runs, 1 hit, 0 errors, 2 left on base; Las Vegas 3 - Memphis 0 |
TOP OF THE 2ND |
Las Vegas 51s batting - Pitching for Memphis Redbirds : RHP Parker Warr
|
Batting: RHB Devine Adams
|
0-0: Called Strike 0-1: Called Strike 0-2: Strikes out swinging
|
Batting: RHB Omar Novoa
|
0-0: Ball 1-0: SINGLE (Groundball, 6MD, EV 106.2 MPH)
|
Batting: RHB Koen van Oort
|
0-0: Called Strike 0-1: Ball Omar Novoa is caught stealing 2nd base 2-4 1-1: SINGLE (Groundball, P, EV 83.1 MPH) (infield hit)
|
Pitching: RHP Roberto Duron
|
|
Batting: RHB Billy Walker
|
0-0: Foul Ball, location: 2F 0-1: Swinging Strike 0-2: Ball 1-2: Strikes out swinging
|
Top of the 2nd over - 0 runs, 2 hits, 0 errors, 1 left on base; Las Vegas 3 - Memphis 0 |
BOTTOM OF THE 2ND |
Memphis Redbirds batting - Pitching for Las Vegas 51s : LHP Mike Capers
|
Batting: RHB Joe Alley
|
0-0: Called Strike 0-1: Ball 1-1: Ground out 4-3 (Groundball, 4MD, EV 97.5 MPH)
|
Batting: RHB Mark Cahill
|
0-0: Ball 1-0: Swinging Strike 1-1: Ball 2-1: Swinging Strike 2-2: Ball 3-2: Base on Balls
|
Batting: RHB Josh Martin
|
0-0: Ball 1-0: Ball 2-0: Ball 3-0: Base on Balls Mark Cahill to second
|
Batting: RHB Tommy Tracy
|
0-0: Ball 1-0: Called Strike 1-1: Foul Ball, location: 2F 1-2: Ball 2-2: Fly out, F8 (Flyball, 89M, EV 81.2 MPH)
|
Batting: LHB Adam Eisen
|
0-0: Ball 1-0: Ball 2-0: Fly out, F8 (Flyball, 8LXD, EV 97.5 MPH)
|
Bottom of the 2nd over - 0 runs, 0 hits, 0 errors, 2 left on base; Las Vegas 3 - Memphis 0 |
TOP OF THE 3RD |
Las Vegas 51s batting - Pitching for Memphis Redbirds : RHP Roberto Duron
|
Batting: SHB Masatoshi Akahoshi
|
0-0: Ball 1-0: Ball 2-0: Called Strike 2-1: Ball 3-1: SINGLE (Groundball, 56D, EV 94.4 MPH)
|
Batting: RHB Masaya Nakamura
|
0-0: Ball 1-0: Fly out, F8 (Line Drive, 8RD, EV 96.2 MPH)
|
Batting: LHB Bill Armijo
|
0-0: Ball 1-0: DOUBLE (Line Drive, 3D, EV 94.4 MPH) Masatoshi Akahoshi to third
|
Batting: RHB Andy Carrell
|
0-0: Ball 1-0: Fly out, F7 (Flyball, 78M, EV 81.9 MPH) Runner from 3rd tags up, OUT at HOME! 7-2
|
Top of the 3rd over - 0 runs, 2 hits, 0 errors, 1 left on base; Las Vegas 3 - Memphis 0 |
BOTTOM OF THE 3RD |
Memphis Redbirds batting - Pitching for Las Vegas 51s : LHP Mike Capers
|
Batting: RHB Ricky Yerzy
|
0-0: Ground out U3 (Groundball, 13, EV 79.4 MPH)
|
Batting: RHB Tyler Walker
|
0-0: Called Strike 0-1: Swinging Strike 0-2: Ball 1-2: Foul Ball, location: 2F 1-2: Ball 2-2: Foul Ball, location: 2F 2-2: Ball 3-2: Base on Balls
|
Batting: RHB Andres Mendiola
|
0-0: Called Strike 0-1: Ball 1-1: Swinging Strike 1-2: SINGLE (Groundball, 6MS, EV 71.2 MPH) (infield hit) Tyler Walker to second
|
Batting: SHB Gerardo Macias
|
0-0: Ball 1-0: Called Strike 1-1: Called Strike Balk! Tyler Walker to third Andres Mendiola to second 1-2: Foul Ball, location: 2F 1-2: Ball 2-2: Foul Ball, location: 2F 2-2: DOUBLE (Line Drive, 7LD, EV 98.1 MPH) Tyler Walker scores Andres Mendiola scores
|
Batting: RHB Joe Alley
|
0-0: Foul Ball, location: 2F 0-1: Ground out 6-3 (Groundball, 6, EV 99.4 MPH)
|
Batting: RHB Mark Cahill
|
0-0: Called Strike 0-1: Foul Ball, location: 2F 0-2: Ball 1-2: Strikes out swinging
|
Bottom of the 3rd over - 2 runs, 2 hits, 0 errors, 1 left on base; Las Vegas 3 - Memphis 2 |
TOP OF THE 4TH |
Las Vegas 51s batting - Pitching for Memphis Redbirds : RHP Roberto Duron
|
Batting: SHB Nelson Powell
|
0-0: Ball 1-0: Fly out, F7 (Flyball, 7D, EV 91.9 MPH)
|
Batting: RHB Devine Adams
|
0-0: Called Strike 0-1: Foul Ball, location: 2F 0-2: Strikes out swinging
|
Batting: RHB Omar Novoa
|
0-0: Swinging Strike 0-1: Called Strike 0-2: Ball 1-2: Foul Ball, location: 2F 1-2: Ball 2-2: Strikes out swinging
|
Top of the 4th over - 0 runs, 0 hits, 0 errors, 0 left on base; Las Vegas 3 - Memphis 2 |
BOTTOM OF THE 4TH |
Memphis Redbirds batting - Pitching for Las Vegas 51s : LHP Mike Capers
|
Batting: RHB Josh Martin
|
0-0: Ball 1-0: Ball 2-0: Ball 3-0: Called Strike 3-1: Base on Balls
|
Batting: RHB Tommy Tracy
|
0-0: Ball Josh Martin is caught stealing 2nd base 2-4 1-0: Ball 2-0: Ball 3-0: Base on Balls
|
Batting: LHB Adam Eisen
|
0-0: SINGLE (Groundball, 56S, EV 63.8 MPH) (infield hit) Tommy Tracy to second
|
Batting: RHB Ricky Yerzy
|
0-0: Swinging Strike 0-1: Foul Ball, location: 2F 0-2: Foul Ball, location: 2F 0-2: Ball 1-2: Grounds into double play, 6-4-3 (Groundball, 6, EV 86.9 MPH)
|
Bottom of the 4th over - 0 runs, 1 hit, 0 errors, 1 left on base; Las Vegas 3 - Memphis 2 |
TOP OF THE 5TH |
Las Vegas 51s batting - Pitching for Memphis Redbirds : RHP Roberto Duron
|
Batting: RHB Koen van Oort
|
0-0: Ball 1-0: Ball 2-0: Ball 3-0: Called Strike 3-1: Foul Ball, location: 2F 3-2: Ground out 6-3 (Groundball, 6, EV 83.8 MPH)
|
Batting: RHB Billy Walker
|
0-0: Called Strike 0-1: Ball 1-1: SINGLE (Groundball, 56D, EV 97.5 MPH)
|
Batting: SHB Masatoshi Akahoshi
|
0-0: Called Strike Billy Walker steals 2nd base (no throw) 0-1: Ball 1-1: 2-RUN HOME RUN (Flyball, 8RXD, EV 103.1 MPH), Distance : 426 ft
|
Batting: RHB Masaya Nakamura
|
0-0: Swinging Strike 0-1: Ball 1-1: Foul Ball, location: 2F 1-2: Foul Ball, location: 2F 1-2: Foul Ball, location: 2F 1-2: Strikes out looking
|
Batting: LHB Bill Armijo
|
0-0: Ground out 1-3 (Groundball, 13S, EV 66.9 MPH)
|
Top of the 5th over - 2 runs, 2 hits, 0 errors, 0 left on base; Las Vegas 5 - Memphis 2 |
BOTTOM OF THE 5TH |
Memphis Redbirds batting - Pitching for Las Vegas 51s : LHP Mike Capers
|
Batting: RHB Tyler Walker
|
0-0: Foul Ball, location: 2F 0-1: Foul Ball, location: 2F 0-2: Foul Ball, location: 2F 0-2: Ball 1-2: Ball 2-2: Strikes out swinging
|
Batting: RHB Andres Mendiola
|
0-0: Called Strike 0-1: Foul Ball, location: 2F 0-2: Ball 1-2: Ball 2-2: Ball 3-2: Strikes out swinging
|
Batting: SHB Gerardo Macias
|
0-0: Called Strike 0-1: Fly out, F8 (Line Drive, 8LM, EV 90.6 MPH)
|
Bottom of the 5th over - 0 runs, 0 hits, 0 errors, 0 left on base; Las Vegas 5 - Memphis 2 |
TOP OF THE 6TH |
Las Vegas 51s batting - Pitching for Memphis Redbirds : RHP Roberto Duron
|
Batting: RHB Andy Carrell
|
0-0: Fly out, F9 (Flyball, 89D, EV 102.5 MPH)
|
Batting: SHB Nelson Powell
|
0-0: Ball 1-0: Swinging Strike 1-1: Ball 2-1: Foul Ball, location: 2F 2-2: Ball 3-2: Base on Balls
|
Pitching: LHP John Roe
|
|
Batting: RHB Devine Adams
|
0-0: Called Strike 0-1: Fielders Choice at 2nd, 5-4 (Groundball, 56, EV 90.0 MPH)
|
Batting: RHB Omar Novoa
|
0-0: Called Strike 0-1: Fly out, F7 (Flyball, 7S, EV 80.0 MPH)
|
Top of the 6th over - 0 runs, 0 hits, 0 errors, 1 left on base; Las Vegas 5 - Memphis 2 |
BOTTOM OF THE 6TH |
Memphis Redbirds batting - Pitching for Las Vegas 51s : LHP Mike Capers
|
Batting: RHB Joe Alley
|
0-0: SINGLE (Line Drive, 34, EV 98.1 MPH)
|
Batting: RHB Mark Cahill
|
0-0: Called Strike 0-1: Foul Ball, location: 2F 0-2: Ball 1-2: Grounds into double play, 4-6-3 (Groundball, 4, EV 88.1 MPH)
|
Batting: RHB Josh Martin
|
0-0: Ball 1-0: Called Strike 1-1: Called Strike 1-2: Strikes out swinging
|
Bottom of the 6th over - 0 runs, 1 hit, 0 errors, 0 left on base; Las Vegas 5 - Memphis 2 |
TOP OF THE 7TH |
Las Vegas 51s batting - Pitching for Memphis Redbirds : LHP John Roe
|
Batting: RHB Koen van Oort
|
0-0: Ball 1-0: Foul Ball, location: 2F 1-1: Swinging Strike 1-2: Hit by Pitch
|
Batting: RHB Billy Walker
|
0-0: Sac Bunt to 13S - play at first, batter OUT! 1-3 Koen van Oort to second
|
Batting: SHB Masatoshi Akahoshi
|
0-0: Ball 1-0: Ball 2-0: Called Strike 2-1: Ground out 6-3 (Groundball, 6, EV 93.1 MPH)
|
Batting: RHB Masaya Nakamura
|
0-0: Foul Ball, location: 2F 0-1: Swinging Strike 0-2: Strikes out swinging
|
Top of the 7th over - 0 runs, 0 hits, 0 errors, 1 left on base; Las Vegas 5 - Memphis 2 |
BOTTOM OF THE 7TH |
Memphis Redbirds batting - Pitching for Las Vegas 51s : LHP Mike Capers
|
Pitching: RHP Ryan Wilson
|
|
Batting: RHB Tommy Tracy
|
0-0: Fly out, F9 (Flyball, 9, EV 90.0 MPH)
|
Batting: LHB Adam Eisen
|
0-0: Ball 1-0: Called Strike 1-1: Foul Ball, location: 2F 1-2: Strikes out swinging
|
Batting: RHB Ricky Yerzy
|
0-0: DOUBLE (Flyball, 89D, EV 92.5 MPH)
|
Batting: RHB Tyler Walker
|
0-0: Ball 1-0: Ball 2-0: Fly out, F9 (Flyball, 9LMF, EV 88.8 MPH)
|
Bottom of the 7th over - 0 runs, 1 hit, 0 errors, 1 left on base; Las Vegas 5 - Memphis 2 |
TOP OF THE 8TH |
Las Vegas 51s batting - Pitching for Memphis Redbirds : LHP John Roe
|
Batting: LHB Bill Armijo
|
0-0: Ball 1-0: Foul Ball, location: 2F 1-1: Swinging Strike 1-2: Ground out 4-3 (Groundball, 4, EV 78.8 MPH)
|
Batting: RHB Andy Carrell
|
0-0: Called Strike 0-1: Ball 1-1: SINGLE (Groundball, 6D, EV 101.2 MPH)
|
Batting: SHB Nelson Powell
|
0-0: Ball 1-0: Ball 2-0: Ball 3-0: Base on Balls Andy Carrell to second
|
Batting: RHB Devine Adams
|
0-0: Ball 1-0: Called Strike 1-1: Ball 2-1: Swinging Strike 2-2: Ball 3-2: Foul Ball, location: 2F 3-2: Foul Ball, location: 2F 3-2: Base on Balls Andy Carrell to third Nelson Powell to second
|
Batting: RHB Omar Novoa
|
0-0: Foul Ball, location: 2F 0-1: Swinging Strike 0-2: Fly out, F7 (Line Drive, 7S, EV 93.8 MPH)
|
Batting: RHB Koen van Oort
|
0-0: Ball 1-0: Ball 2-0: SINGLE (Groundball, 4M, EV 99.4 MPH) (infield hit) Andy Carrell scores Nelson Powell to third Devine Adams to second
|
Batting: RHB Billy Walker
|
0-0: Ball 1-0: SINGLE (Groundball, 25, EV 65.6 MPH) (infield hit) Nelson Powell scores Devine Adams to third Koen van Oort to second
|
Batting: SHB Masatoshi Akahoshi
|
0-0: Foul Ball, location: 2F 0-1: Foul Ball, location: 2F 0-2: Fly out, F9 (Flyball, 9LM, EV 100.6 MPH)
|
Top of the 8th over - 2 runs, 3 hits, 0 errors, 3 left on base; Las Vegas 7 - Memphis 2 |
BOTTOM OF THE 8TH |
Memphis Redbirds batting - Pitching for Las Vegas 51s : RHP Ryan Wilson
|
Batting: RHB Andres Mendiola
|
0-0: Foul Ball, location: 2F 0-1: Ground out 1-3 (Groundball, 34S, EV 68.8 MPH)
|
Batting: SHB Gerardo Macias
|
0-0: Called Strike 0-1: SINGLE (Groundball, 34D, EV 97.5 MPH)
|
Batting: RHB Joe Alley
|
0-0: DOUBLE (Line Drive, 89D, EV 94.4 MPH) Gerardo Macias to third
|
Batting: RHB Mark Cahill
|
0-0: Ball 1-0: SINGLE (Groundball, 6MD, EV 106.9 MPH) Gerardo Macias scores Joe Alley to third Runner from 3rd tries for Home, throw by CF and OUT! 8-2
|
Batting: RHB Josh Martin
|
0-0: Called Strike 0-1: Swinging Strike 0-2: Ball 1-2: Ball 2-2: Strikes out swinging
|
Bottom of the 8th over - 1 run, 3 hits, 0 errors, 1 left on base; Las Vegas 7 - Memphis 3 |
TOP OF THE 9TH |
Las Vegas 51s batting - Pitching for Memphis Redbirds : LHP John Roe
|
Pitching: RHP Lorenzo Merjil
|
|
Batting: RHB Masaya Nakamura
|
0-0: Ball 1-0: SINGLE (Groundball, 6MD, EV 96.2 MPH)
|
Batting: LHB Bill Armijo
|
0-0: Called Strike 0-1: Ball 1-1: Ball 2-1: Swinging Strike 2-2: Strikes out swinging
|
Batting: RHB Andy Carrell
|
0-0: SINGLE (Groundball, 56D, EV 97.5 MPH) Masaya Nakamura to second
|
Batting: SHB Nelson Powell
|
0-0: Ball 1-0: Called Strike 1-1: Foul Ball, location: 2F 1-2: Foul Ball, location: 2F 1-2: Ball 2-2: Strikes out looking
|
Batting: RHB Devine Adams
|
0-0: Ball 1-0: Fielders Choice at 2nd, 5-4 (Groundball, 56, EV 101.9 MPH)
|
Top of the 9th over - 0 runs, 2 hits, 0 errors, 2 left on base; Las Vegas 7 - Memphis 3 |
BOTTOM OF THE 9TH |
Memphis Redbirds batting - Pitching for Las Vegas 51s : RHP Ryan Wilson
|
Pitching: RHP Alastair Henry
|
|
Batting: RHB Tommy Tracy
|
0-0: Ground out 5-3 (Groundball, 56S, EV 85.0 MPH)
|
Batting: LHB Adam Eisen
|
0-0: Ball 1-0: Ball 2-0: Ball 3-0: Base on Balls
|
Batting: RHB Ricky Yerzy
|
0-0: Ball 1-0: Called Strike 1-1: Fly out, F9 (Flyball, 9D, EV 106.2 MPH)
|
Batting: RHB Tyler Walker
|
0-0: Foul Ball, location: 2F 0-1: SINGLE (Groundball, 25, EV 65.0 MPH) (infield hit) Adam Eisen to second
|
Pitching: LHP Ken Dewey
|
|
Batting: RHB Andres Mendiola
|
0-0: Ball 1-0: Called Strike 1-1: Called Strike 1-2: Strikes out looking
|
Bottom of the 9th over - 0 runs, 1 hit, 0 errors, 2 left on base; Las Vegas 7 - Memphis 3 |
|